 Dungeon Crawl Stone Soup version 0.32-a0-909-gc671339a80 (webtiles) character file.

Game seed: 4049228959974128135

566 Biggs the Shooter (level 7, 0/50 HPs)
             Began as a Coglin Hunter on Apr 7, 2024.
             Slain by an orc priest
             ... wielding a +1 morningstar of protection
              (8 damage)
             ... on level 4 of the Dungeon.
             The game lasted 00:03:24 (1923 turns).

Biggs the Shooter (Coglin Hunter)                   Turns: 1923, Time: 00:03:25

Health: 0/50       AC:  5    Str: 11    XL:     7   Next: 32%
Magic:  7/7        EV: 11    Int:  8    God:
Gold:   213        SH:  0    Dex: 20    Spells: 6/6 levels left

rFire   + + .        a - +2 sling {Tomás}
rCold   . . .        d - +0 sling {Bunsong}
rNeg    . . .        c - +0 leather armour
rPois   .            u - +1 helmet
rElec   +            s - scarf of Broken Taboos {shadows, *Slow rElec rF++ Regen+}
rCorr   .            (no gloves)
SInv    .            (no boots)
Will    .....        (amulet unavailable)
Stlth   ++           (ring unavailable)
HPRegen 1.08/turn    (ring unavailable)
MPRegen 0.10/turn    (no gizmo)

%: slow self (1%)
@: revved
A: off-hand wielding, slow wielding, warmup strikes, no jewellery
a: Invent Gizmo, Convert to Beogh


You were on level 4 of the Dungeon.
You visited 2 branches of the dungeon, and saw 5 of its levels.

You collected 213 gold pieces.

Inventory:

Hand Weapons
 a - a +2 sling (weapon) {Tomás}
 d - a +0 sling (offhand) {Bunsong}
Missiles
 o - 2 throwing nets
Armour
 c - a +0 leather armour (worn)
 m - a +0 helmet
 s - the scarf of Broken Taboos (worn) {shadows, *Slow rElec rF++ Regen+}
   (You found it on level 3 of the Dungeon)

   rF++:      It greatly protects you from fire.
   rElec:     It insulates you from electricity.
   Regen+:    It increases your rate of health regeneration.
   *Slow:     It may slow you when you take damage.
 u - a +1 helmet (worn)
Scrolls
 b - a scroll of butterflies
 e - 2 scrolls of amnesia {unknown}
 g - 5 scrolls of identify {unknown}
 h - a scroll of silence {unknown}
 i - a scroll of enchant armour {unknown}
 n - a scroll of revelation {unknown}
 p - a scroll of fog {unknown}
 q - a scroll of brand weapon {unknown}
 v - a scroll of poison {unknown}
Potions
 f - a potion of resistance {unknown}
 j - a potion of enlightenment {unknown}
 k - 3 potions of heal wounds {unknown}
 l - a potion of berserk rage {unknown}
 r - a potion of attraction {unknown}
 t - 2 potions of curing {unknown}


   Skills:
 - Level 2.0 Fighting
 + Level 7.9 Ranged Weapons
 - Level 1.7 Dodging
 - Level 0.7 Stealth


You had 6 spell levels left.
You didn't know any spells.
Your spell library contained the following spells:

 Spells                   Type           Power      Damage    Failure   Level
 Sting                    Conj/Alch      0%         1d3       50%         1
 Mercury Vapours          Alch/Air       0%         N/A       65%         2
 Olgreb's Toxic Radiance  Alch           0%         N/A       99%         4
 Haunt                    Necr/Summ      0%         N/A       100%        7
 Borgnjor's Revivificati  Necr           0%         N/A       100%        8
 Death's Door             Necr           0%         N/A       100%        9


Dungeon Overview and Level Annotations

Branches:
Dungeon (4/15)             Temple (1/1) D:4

Altars:
Cheibriados
Dithmenos
Elyvilon
Fedhas
Gozag
Hepliaklqana
Nemelex Xobeh
Qazlal
Sif Muna
Uskayaw
Vehumet
Wu Jian
Yredelemnul
Zin
The Shining One


Innate Abilities, Weirdness & Mutations

You can wield a second weapon in your off-hand.
It takes a long time for you to wield or remove held weapons.
Your first few attacks do less damage.
You cannot equip rings or amulets.


Message History

You shoot a sling bullet.
The sling bullet hits the orc priest but does no damage.
The orc priest is moderately wounded.
The orc priest misses you. The orc barely misses you.
The orc priest hits you with a +1 morningstar of protection.
The orc hits you but does no damage.
You shoot a sling bullet.
The sling bullet closely misses the orc priest.
You shoot a sling bullet.
The sling bullet hits the orc priest but does no damage.
The orc priest threatens, "Beogh's wrath is as vast as their mercy.
Make your choice!"
The orc priest is moderately wounded.
The orc priest closely misses you. The orc barely misses you.
You shoot a sling bullet.
The sling bullet hits the orc priest but does no damage.
The orc priest is moderately wounded.
You shoot a sling bullet.
The sling bullet hits the orc priest but does no damage.
The orc priest is moderately wounded.
The orc priest invokes the aid of Beogh against you.
Beogh smites you! The orc barely misses you.
You shoot a sling bullet. The sling bullet hits the orc priest.
The orc priest is heavily wounded.
You shoot a sling bullet.
The sling bullet barely misses the orc priest.
The orc priest invokes the aid of Beogh against you.
Beogh smites you!
* * * LOW HITPOINT WARNING * * *
The orc misses you.
You shoot a sling bullet.
The sling bullet hits the orc priest but does no damage.
The orc priest shouts, "Beogh offers mercy even to people such as you.
Join us and be reborn!"
The orc priest is heavily wounded.
You shoot a sling bullet.
The orc priest shouts, "Beogh offers mercy even to people such as you.
Join us and be reborn!"
The sling bullet hits the orc priest but does no damage.
The orc priest is heavily wounded.
The orc priest shouts, "The Pantheon deserves no one's loyalty.
Let us show you the true path!"
The orc priest hits you with a +1 morningstar of protection!
You die...

##...## #..#.#...#.# .
##.....## #......###.#
#.......## ##.#.#.## #.#
.........####......####.#.
..<......'................
.........####...##.#.##...
#.......## #..###>#.#
##.....## #.##.o.#.#
##...## #(##@###.# ##+##
#.##o# .# #........#
####.##### #.# #.# ..# ###


You could see an orc priest and an orc.

Vanquished Creatures
  Grinder (D:3)
  Sigmund (D:3)
  An orc wizard (D:4)
  Natasha (twice) (D:3)
  Robin (D:3)
  2 adders
  3 gnolls (D:3)
  2 ribbon worms (D:2)
  2 orcs
  10 ball pythons
  8 endoplasms
  8 giant cockroaches
  11 hobgoblins
  4 kobolds
  2 quokkas
  5 bats
  2 frilled lizards (D:1)
  12 goblins
  7 rats
84 creatures vanquished.

Notes
Turn   | Place    | Note
-------+----------+-------------------------------------------
     0 | D:1      | Biggs the Coglin Hunter began the quest for the Orb.
     0 | D:1      | Reached XP level 1. HP: 16/16 MP: 1/1
    82 | D:1      | Reached skill level 4 in Ranged Weapons
    82 | D:1      | Reached XP level 2. HP: 22/22 MP: 2/2
   205 | D:1      | Reached XP level 3. HP: 27/27 MP: 3/3
   696 | D:2      | Reached skill level 5 in Ranged Weapons
   706 | D:2      | Reached XP level 4. HP: 33/33 MP: 4/4
  1412 | D:3      | Noticed Natasha
  1415 | D:3      | Killed Natasha
  1416 | D:3      | Reached XP level 5. HP: 36/38 MP: 5/5
  1485 | D:3      | Noticed Natasha
  1492 | D:3      | Killed Natasha
  1493 | D:3      | Reached skill level 6 in Ranged Weapons
  1540 | D:3      | Noticed Grinder
  1548 | D:3      | Paralysed by Grinder for 3 turns
  1551 | D:3      | Killed Grinder
  1552 | D:3      | Reached skill level 7 in Ranged Weapons
  1552 | D:3      | Reached XP level 6. HP: 44/44 MP: 6/6
  1555 | D:3      | Identified the scarf of Broken Taboos {shadows, *Slow rElec
                  | rF++ Regen+}
  1688 | D:3      | Noticed Sigmund
  1694 | D:3      | Noticed Robin
  1711 | D:3      | Killed Robin
  1712 | D:3      | Killed Sigmund
  1713 | D:3      | Reached XP level 7. HP: 31/50 MP: 7/7
  1846 | D:4      | Found a staircase to the Ecumenical Temple.
  1883 | Temple   | Entered the Ecumenical Temple
  1923 | D:4      | Slain by an orc priest

Illustrated notes

Levels and vault maps discovered:
D:1:      heliophobic_arrival_battle_scene, layout_rooms
D:2:      layout_basic, grunt_decor_arrowhead, minmay_guardbox
D:3:      layout_loops_cross, uniq_grinder, uniq_robin, uniq_natasha,
          uniq_sigmund
D:4:      layout_loops_corners, minmay_temple_entry_slanted, serial_shops, shop,
          lightli_sewer_entry_pipes
Temple:   nicolae_temple_bog_church

Skill      XL: |  1  2  3  4  5 |
---------------+----------------+-----
Ranged Weapons | 4 5 7 |  7.9
Fighting       | |  2.0
Dodging        | |  1.7
Stealth        | |  0.7

Action                     |  1- 3 |  4- 6 |  7- 9 || total
---------------------------+-------+-------+-------++-------
   Fire: Sling             |   170 |   178 |    38 ||   386
 Armour: Leather armour    |    16 |    33 |     9 ||    58
  Dodge: Dodged            |     8 |    23 |     9 ||    40

Table legend: (Time is in decaauts)
 A = Elapsed time spent in this place.
 B = Non-inter-level travel time spent in this place.
 C = Inter-level travel time spent in this place.
 D = Time resting spent in this place.
 E = Time spent auto-exploring this place.
 F = Levels seen in this place.
 G = Mean time per level.
                   A        B        C        D        E       F      G
               +--------+--------+--------+--------+--------+-----+--------+
         Total |   1962 |   1902 |     60 |      0 |   1489 |   5 |  392.4 |
       Dungeon |   1961 |   1901 |     60 |      0 |   1489 |   4 |  490.2 |
        Temple |      1 |      1 |      0 |      0 |      0 |   1 |    1.0 |
               +--------+--------+--------+--------+--------+-----+--------+

Top non-repeatable levels by time:
     D:3: 768 daAuts
     D:2: 607 daAuts
     D:1: 487 daAuts
     D:4: 97 daAuts
  Temple: 1 daAuts
